Map: Lerilak Crest

Players

State

  • Race: Protoss Protoss

Elazer - Winner!

  • Race: Zerg Zerg
  • League: Grandmaster

Event: DreamHack ZOWIE Open Leipzig

VOD

Have the link to the VOD?

Description

Time

  • Played on: Jan. 22, 2016, 11:22 a.m.
  • Length: 9:59

All games in this series

Show
View Real Time Build Order
Export as new Build Order

State Protoss 

Build Orders: 1 Gate Expand, Oracle Opening, Phoenix Opening 

Get SALT Encoding   

  12  0:00  Probe (Chrono Boost)  
  13  0:11  Probe (Chrono Boost)  
  14  0:18  Pylon  
  14  0:22  Probe (Chrono Boost)  
  15  0:36  Probe (Chrono Boost)  
  15  0:38  Gateway  
  16  0:47  Probe (Chrono Boost)  
  16  0:48  Assimilator  
  17  0:57  Probe (Chrono Boost)  
  18  1:08  Probe (Chrono Boost)  
  19  1:23  Nexus  
  19  1:26  Probe (Chrono Boost)  
  20  1:37  Cybernetics Core  
  21  1:40  Probe (Chrono Boost)  
  21  1:47  Assimilator  
  21  1:50  Probe (Chrono Boost)  
  22  1:58  Pylon  
  22  2:01  Probe (Chrono Boost)  
  23  2:15  Warp Gate  
  23  2:16  Adept (Chrono Boost)  
  23  2:18  Probe (Chrono Boost)  
  26  2:29  Probe (Chrono Boost)  
  27  2:31  Stargate  
  27  2:36  Probe, Pylon  
  27  2:40  Probe  
  27  2:43  Adept (Chrono Boost)  
  31  2:46  Probe  
  32  2:56  Probe  
  32  2:58  Mothership Core  
  33  3:00  Pylon  
  35  3:08  Probe, Adept (Chrono Boost)  
  38  3:17  Probe  
  38  3:18  Gateway  
  39  3:25  Oracle (Chrono Boost)  
  42  3:27  Probe  
  42  3:32  Probe  
  44  3:40  Gateway  
  44  3:41  Pylon  
  44  3:44  Probe  
  45  3:50  Probe  
  45  3:54  Assimilator  
  46  3:55  Assimilator  
  46  3:56  Probe  
  46  4:01  Probe  
  46  4:02  Pylon  
  48  4:05  Phoenix (Chrono Boost)  
  48  4:08  Probe  
  51  4:11  Probe  
  52  4:20  Probe  
  52  4:22  Probe  
  53  4:28  Phoenix (Chrono Boost)  
  55  4:32  Probe x2  
  57  4:43  Probe  
  57  4:44  Probe  
  59  4:52  Pylon  
  62  4:53  Probe  
  62  4:54  Sentry x2, Pylon  
  62  4:57  Probe, Phoenix (Chrono Boost)  
  67  5:04  Probe, Pylon  
  68  5:08  Stalker  
  68  5:10  Probe  
  71  5:14  Probe  
  72  5:25  Phoenix (Chrono Boost)  
  74  5:29  Nexus  
  74  5:31  Probe  
  74  5:32  Pylon  
  74  5:33  Probe  
  74  5:35  Pylon  
  76  5:44  Robotics Facility  
  76  5:46  Phoenix (Chrono Boost)  
  76  5:48  Sentry  
  76  5:49  Adept  
  82  5:51  Adept  
  82  5:55  Probe  
  82  5:56  Probe  
  86  6:01  Robotics Facility  
  86  6:06  Probe  
  86  6:08  Probe  
  88  6:12  Twilight Council  
  88  6:25  Phoenix (Chrono Boost)  
  90  6:28  Probe  
  90  6:29  Probe  
  92  6:32  Adept  
  92  6:33  Adept x2  
  98  6:41  Probe  
  98  6:42  Immortal (Chrono Boost)  
  98  6:43  Probe  
  98  6:46  Phoenix (Chrono Boost)  
  106  6:48  Immortal (Chrono Boost)  
  110  6:55  Charge (Chrono Boost)  
  110  6:57  Probe x2  
  112  7:10  Phoenix  
  112  7:15  Probe x3  
  112  7:16  Immortal  
  117  7:24  Warp Prism  
  117  7:25  Forge  
  119  7:35  Probe x2, Phoenix, Assimilator  
  123  7:37  Assimilator  
  120  7:44  Zealot x2  
  120  7:49  Pylon  
  120  7:51  Pylon  
  124  7:52  Pylon  
  124  7:54  Pylon x3  
  124  7:55  Pylon  
  124  7:57  Pylon  
  124  8:02  Immortal, Dark Shrine  
  118  8:13  Zealot x2  
  118  8:14  Zealot  
  122  8:20  Immortal  
  122  8:24  Phoenix  
  120  8:34  Mothership Core  
  120  8:39  Gateway  
  120  8:40  Gateway  
  120  8:41  Gateway  
  120  8:42  Gateway  
  120  8:45  Gateway  
  124  8:51  Zealot x3  
  102  9:03  Gateway  
  102  9:05  Gateway  
  94  9:14  Dark Templar x3  
  89  9:21  Phoenix  
  75  9:35  Zealot  
  75  9:37  Gateway x2  
  77  9:40  Gateway, Zealot x3  
  79  9:46  Zealot  
  79  9:47  Zealot  
Show
View Real Time Build Order
Export as new Build Order

Elazer Zerg - Winner!

Build Orders: Hatch First, Roach Hydra Ravager 

Get SALT Encoding   

  12  0:00  Drone  
  13  0:12  Overlord  
  13  0:17  Drone  
  14  0:30  Drone x2  
  14  0:34  Drone  
  17  0:51  Hatchery  
  17  0:54  Drone  
  17  0:57  Drone  
  18  1:07  Extractor  
  17  1:12  Spawning Pool  
  17  1:15  Drone  
  17  1:19  Drone  
  18  1:27  Drone  
  19  1:38  Overlord  
  19  1:51  Drone  
  20  1:58  Queen  
  20  1:59  Drone  
  23  2:03  Zergling x2, Queen  
  23  2:07  Metabolic Boost  
  26  2:11  Drone  
  26  2:14  Drone  
  29  2:22  Drone  
  29  2:25  Drone  
  30  2:36  Drone  
  31  2:37  Drone  
  31  2:39  Queen  
  31  2:42  Drone  
  35  2:49  Hatchery  
  35  2:51  Overlord  
  34  2:55  Drone  
  34  2:57  Drone  
  36  3:09  Drone x2  
  36  3:10  Drone x3  
  41  3:16  Overlord  
  41  3:18  Zergling x4  
  43  3:22  Zergling x2  
  44  3:27  Extractor  
  44  3:29  Roach Warren  
  44  3:31  Zergling x4  
  44  3:35  Extractor  
  44  3:37  Overlord  
  42  3:42  Drone x3  
  42  3:43  Drone  
  42  3:46  Drone x2  
  42  3:47  Drone  
  49  3:49  Drone  
  51  3:55  Drone  
  52  4:02  Drone  
  52  4:03  Drone  
  52  4:05  Overlord  
  52  4:08  Spore Crawler  
  52  4:10  Drone  
  51  4:29  Spore Crawler, Drone x3  
  51  4:30  Drone x5  
  52  4:34  Drone  
  52  4:35  Drone  
  52  4:36  Drone x2  
  52  4:38  Lair, Drone x2  
  56  4:41  Spore Crawler  
  56  4:44  Drone  
  55  4:47  Drone  
  55  4:48  Drone  
  57  5:01  Drone x6  
  57  5:03  Extractor x2  
  57  5:05  Evolution Chamber  
  62  5:07  Roach  
  62  5:08  Roach x3  
  62  5:12  Drone  
  62  5:13  Extractor  
  68  5:14  Drone x2  
  68  5:15  Drone, Overlord  
  68  5:18  Spore Crawler  
  69  5:23  Drone x3  
  72  5:32  Overlord x2  
  72  5:34  Zerg Missile Weapons Level 1, Overlord  
  72  5:37  Hydralisk Den  
  71  5:43  Drone x2  
  71  5:46  Overlord x2  
  73  5:51  Drone x4  
  73  5:54  Drone x2  
  79  5:58  Drone  
  79  6:01  Roach x4  
  79  6:03  Glial Reconstitution  
  88  6:08  Muscular Augments  
  88  6:09  Hydralisk  
  90  6:13  Hydralisk  
  90  6:14  Hydralisk  
  94  6:21  Hydralisk x3  
  94  6:24  Queen  
  102  6:31  Queen  
  102  6:32  Overlord  
  102  6:35  Hydralisk x2  
  104  6:43  Hydralisk  
  104  6:44  Hydralisk x3  
  108  6:52  Drone x3  
  108  6:53  Hydralisk x3  
  112  6:57  Hydralisk  
  112  6:59  Hydralisk  
  120  7:09  Overlord  
  120  7:10  Overlord x2, Queen  
  120  7:14  Overlord  
  120  7:15  Overlord  
  120  7:17  Overlord  
  120  7:18  Overlord  
  120  7:27  Hydralisk  
  120  7:28  Hydralisk x4  
  127  7:33  Hydralisk x2  
  127  7:35  Hydralisk  
  133  7:42  Roach x4  
  141  7:44  Roach  
  141  7:46  Roach  
  141  7:47  Ravager x3  
  141  7:48  Ravager x2  
  141  7:49  Ravager  
  151  7:52  Ravager  
  151  7:53  Ravager  
  151  7:54  Overseer  
  151  7:56  Roach  
  151  7:57  Roach x2  
  159  8:01  Roach x2  
  159  8:03  Roach  
  144  8:13  Hydralisk x3  
  144  8:26  Hydralisk x4  
  144  8:33  Hatchery, Hydralisk  
  144  8:34  Hydralisk x2  
  142  8:37  Roach  
  142  8:39  Overseer  
  142  8:41  Ravager  
  149  8:51  Roach  
  149  8:52  Roach x5  
  147  8:55  Roach  
  147  8:56  Roach x2  
  147  9:00  Roach x2  
  155  9:06  Drone  
  155  9:07  Roach x3  
  162  9:16  Roach x2  
  162  9:17  Roach x2  
  160  9:23  Roach x4  
  154  9:26  Roach x2  
  155  9:32  Overseer  
  155  9:34  Hydralisk x2  

Tags
 
Add a new tag
Caveats
  • Supply blocks, unpowered buildings, or Contaminate may cause inaccurate times.
  • Supply counts are checked every 10 seconds.